 Dungeon Crawl Stone Soup version 0.15.0-14-g6bbbb5c (webtiles) character file.

25 Casul the Magician (level 3, -1/25 HPs)
             Began as an Octopode Wizard on Sept 4, 2014.
             Slain by an adder (5 damage)
             ... on Level 2 of the Dungeon.
             The game lasted 00:01:56 (1428 turns).

Casul the Magician (Octopode Wizard)                Turns: 1428, Time: 00:01:56

HP  -1/25        AC  1     Str  6      XL: 3   Next:  4%
MP   7/7         EV 12     Int 26      God:
Gold 65          SH  0     Dex 10      Spells:  1 memorised,  7 levels left

rFire  . . .     SeeInvis .     (no weapon)
rCold  . . .     Clarity  .     (no shield)
rNeg   . . .     rCorr    .     b - +0 hat
rPois  .         rRot     .     (no amulet)
rElec  .         Spirit   .     (no ring)
SustAb .         Warding  .     (no ring)
rMut   .         Stasis   .     (no ring)
Gourm  .                        (no ring)
MR     .....                    (no ring)
                                (no ring)
                                (no ring)
                                (no ring)

@: brilliant, lethally poisoned, not resistant to hostile enchantments, fairly
stealthy
A: almost no armour, amphibious, 8 rings, constrict 8, camouflage 1, gelatinous
body 1
a: no special abilities


You were on level 2 of the Dungeon.
You were hungry.

You visited 1 branch of the dungeon, and saw 2 of its levels.

You collected 65 gold pieces.

Inventory:

Armour
 b - a +0 hat (worn)
Comestibles
 d - a bread ration
 f - a beef jerky
 j - a meat ration
Scrolls
 a - a scroll of fear {unknown}
 g - a scroll of remove curse {unknown}
Potions
 e - a potion of brilliance
 h - a potion of invisibility {unknown}
 i - a potion of magic {unknown}
Books
 c - a book of Minor Magic

   Spells                             Type                      Level
   *Magic Dart                        Conjuration                  1
   Blink                              Translocation                2
   Call Imp                           Summoning                    2
   Repel Missiles                     Charms/Air                   2
   Slow                               Hexes                        2
   Conjure Flame                      Conjuration/Fire             3
   Mephitic Cloud                     Conjuration/Poison/Air       3


   Skills:
 + Level 2.4 Fighting
 - Level 2.0 Dodging
 - Level 2.6 Stealth
 - Level 3.0 Spellcasting
 - Level 1.0 Conjurations
   Level 1.0 Summonings
   Level 1.0 Translocations


You had 7 spell levels left.
You knew the following spells:

 Your Spells              Type           Power        Failure   Level  Hunger
a - Magic Dart            Conj           ###.         1%          1    None


Dungeon Overview and Level Annotations

Branches:
Dungeon (2/15)

Altars:


Innate Abilities, Weirdness & Mutations

You cannot wear most types of armour.
You are amphibious.
You can wear up to eight rings at the same time.
You can use your tentacles to constrict many enemies at once.
Your skin changes colour to match your surroundings (Stealth).
Your rubbery body absorbs attacks (AC +1).


Message History

You constrict the adder. The adder barely misses you.
You tentacle-slap the adder.
The adder is moderately wounded.
You constrict the adder. The adder bites you.
You tentacle-slap the adder.
The adder is heavily wounded.
You constrict the adder. The adder bites you.
* * * LOW HITPOINT WARNING * * *
The adder bites you.
* * * LOW HITPOINT WARNING * * *
You are lethally poisoned!
The adder poisons you!
You are too injured to fight recklessly!
You are too injured to fight recklessly!
Drink which item? (? for menu, Esc to quit)
You feel clever all of a sudden.
It was a potion of brilliance.
You constrict the adder.
* * * LOW HITPOINT WARNING * * *
You feel sick. The adder bites you.
You die...

### #.. # #.# .# .
#.######.##. #.#
#........... #.#
#######..#........ #.#
#....##..#%.......#
#.#
#....##..#@........
#.#
#....##....S......#
#.###....#............
#.........##..........
#..##.....###.##.##.#.
###..##..............
.
................##.#..
.##...#####.....# .#.
.##...# ......#


You could see an adder.

Vanquished Creatures
  An inept item mimic (D:2)
  3 bats
  A giant cockroach (D:1)
  A goblin (D:1)
  4 hobgoblins (D:1)
  3 giant newts (D:1)
  2 kobolds (D:1)
  2 rats (D:1)
17 creatures vanquished.

Notes
Turn   | Place    | Note
--------------------------------------------------------------
     0 | D:1      | Casul, the Octopode Wizard, began the quest for the Orb.
     0 | D:1      | Reached XP level 1. HP: 11/11 MP: 4/4
   392 | D:1      | Reached skill level 1 in Fighting
   724 | D:1      | Reached XP level 2. HP: 18/18 MP: 6/6
  1384 | D:2      | Reached XP level 3. HP: 20/25 MP: 7/7
  1428 | D:2      | Slain by an adder

Action                   || total
-------------------------++-------
Melee: Unarmed           ||    63
 Cast: Magic Dart        ||     1
  Use: Potion            ||     1
 Stab: Sleeping          ||     4
  Eat: Chunk             ||     1
